 Dungeon Crawl Stone Soup version 0.28-a0-1199-gef9e1dbd39 (webtiles) character file.

Game seed: 10190892968464551018

1075 Peloso the Slasher (level 8, -2/69 HPs)
             Began as a Minotaur Fighter on Dec 19, 2021.
             Shot with an arrow by a centaur (8 damage)
             ... on level 5 of the Dungeon.
             The game lasted 00:10:03 (5678 turns).

Peloso the Slasher (Minotaur Fighter)               Turns: 5678, Time: 00:10:04

Health: -2/69      AC: 10    Str: 21    XL:     8   Next: 8%
Magic:  0/7        EV:  8    Int:  5    God:
Gold:   213        SH:  5    Dex: 12    Spells: 7/7 levels left

rFire   . . .      SeeInvis .   a - +0 long sword
rCold   . . .      Faith    .   c - +0 buckler
rNeg    . . .      Spirit   +   t - +0 chain mail
rPois   .          Reflect  .   (helmet restricted)
rElec   .          Harm     .   (no cloak)
rCorr   .          Rampage  .   (no gloves)
Will    .....                   (no boots)
Stlth   ..........              v - amulet of guardian spirit
HPRegen 0.21/turn               (no ring)
MPRegen 0.10/turn               (no ring)

@: no status effects
A: horns 2, retaliatory headbutt
a: no special abilities


You were on level 5 of the Dungeon.
You visited 1 branch of the dungeon, and saw 6 of its levels.

You collected 213 gold pieces.

Inventory:

Hand Weapons
 a - a +0 long sword (weapon)
Armour
 b - a +0 scale mail
 c - a +0 buckler (worn)
 t - a +0 chain mail (worn)
Jewellery
 n - a ring of ice
 v - an amulet of guardian spirit (around neck)
Scrolls
 g - 2 scrolls of identify {unknown}
 h - 2 scrolls of vulnerability {unknown}
 i - 2 scrolls of noise {unknown}
 k - a scroll of fear {unknown}
 p - 2 scrolls of teleportation {unknown}
 q - a scroll of enchant armour {unknown}
 r - 2 scrolls of blinking {unknown}
 s - a scroll of acquirement {unknown}
 w - a scroll of magic mapping {unknown}
Potions
 d - 2 potions of might
 e - 3 potions of curing {unknown}
 f - a potion of cancellation {unknown}
 j - 2 potions of mutation {unknown}
 l - 3 potions of haste {unknown}
 m - 2 potions of invisibility {unknown}
 o - a potion of brilliance {unknown}
 u - a potion of heal wounds {unknown}


   Skills:
 + Level 5.5 Fighting
 + Level 7.2 Long Blades
 + Level 6.8 Armour
 + Level 2.3 Dodging
 + Level 1.1 Stealth
 + Level 5.4 Shields


You had 7 spell levels left.
You didn't know any spells.
Your spell library contained the following spells:

 Spells                   Type           Power      Damage    Failure   Level
 Foxfire                  Conj/Fire      0%         2x1d4     99%         1
 Ensorcelled Hibernation  Hex/Ice        0%         N/A       99%         2
 Passwall                 Tmut/Erth      0%         N/A       99%         2
 Conjure Flame            Conj/Fire      0%         6-21      100%        3
 Inner Flame              Hex/Fire       0%         N/A       100%        3
 Spider Form              Tmut/Pois      0%         N/A       100%        3
 Swiftness                Air            0%         N/A       100%        3
 Flame Wave               Conj/Fire      0%         2d4       100%        4


Dungeon Overview and Level Annotations

Branches:
Dungeon (6/15)
 Temple: D:4-7

Altars:


Innate Abilities, Weirdness & Mutations

You have a pair of horns on your head.
You reflexively headbutt those who attack you in melee.


Message History

The iguana bites you but does no damage.
You slash the iguana!
You kill the iguana!
You see here a +0 falchion.
You start resting.
HP restored.
You see here a +0 falchion.
There is a stone staircase leading down here.
You climb downwards.
The bullfrog skeleton hits you but does no damage.
The ogre hits you with a +0 giant spiked club!!
The bullfrog skeleton completely misses you.
The centaur unwields a +0 shortbow.
The centaur barely misses you.
The centaur kicks you but does no damage.
An orc wizard comes into view. It is wielding a +0 dagger.
There is a stone staircase leading up, spattered with blood here.
The bullfrog skeleton hits you.
The centaur hits you but does no damage.
You block the centaur's attack.
The ogre hits you with a +0 giant spiked club!!
You climb upwards.
There is a stone staircase leading down here.
The centaur hits you but does no damage.
The centaur completely misses you. You block the centaur's attack.
The centaur kicks you but does no damage.
The centaur hits you. The centaur kicks you.
The centaur wields a +0 shortbow.
The centaur shoots an arrow.
The arrow barely misses you.
Things that are here:
a +0 ring mail; a +0 whip; a +0 dagger The centaur shoots an arrow.
The arrow hits you!
* * * LOW HITPOINT WARNING * * *
The centaur shoots an arrow.
The arrow completely misses you.
The centaur shoots an arrow.
The arrow hits you!
* * * LOW HITPOINT WARNING * * *
The centaur shoots an arrow.
The arrow closely misses you.
The centaur shoots an arrow.
The arrow hits you!
* * * LOW HITPOINT WARNING * * *
The centaur shoots an arrow.
The arrow hits you!
You die...

#..........#.............# #..
#..........#####.........# #..
.......(...# #.........########..
#..........###.........###......#
.............c...................
[.........####...#.........####.#
#.#.#####.# #.O.#####.##.......#
#[#.### #.# #...# #.##.......#
......###.####..@#####.##........
....................##.##...)....
###.......#######......##.#......
# ##......# #.#.#............ #
#......#######'#.#.......###..
#########........................
##....# #..........#.####+##.....
......# #..........#.............
......# #.##......##.........###.


You could see an ogre and a centaur.

Vanquished Creatures
  Sigmund (D:3)
  Menkaure (D:4)
  2 sky beasts (D:5)
  An ogre (D:5)
  A necrophage (D:5)
  An orc priest (D:5)
  A hound (D:5)
  2 bullfrog skeletons (D:5)
  An iguana (D:5)
  Terence (D:2)
  An orc wizard (D:4)
  A hound skeleton (D:5)
  3 gnolls (D:2)
  A howler monkey skeleton (D:4)
  2 adders
  An ufetubus (D:4)
  An adder skeleton (D:4)
  A worm (D:2)
  2 dart slugs
  14 orcs
  4 bats
  3 endoplasms
  5 giant cockroaches
  7 goblins
  6 hobgoblins
  4 jackals (D:5)
  A quokka (D:4)
  3 ball pythons (D:1)
  4 frilled lizards
  11 kobolds
  4 rats
91 creatures vanquished.

Vanquished Creatures (others)
  A sky beast (D:4)
1 creature vanquished.

Grand Total: 92 creatures vanquished

Notes
Turn   | Place    | Note
-------+----------+-------------------------------------------
     0 | D:1      | Peloso the Minotaur Fighter began the quest for the Orb.
     0 | D:1      | Reached XP level 1. HP: 19/19 MP: 0/0
   211 | D:1      | Reached XP level 2. HP: 27/27 MP: 1/1
   381 | D:1      | Found a faded altar of an unknown god.
   923 | D:2      | Reached XP level 3. HP: 34/34 MP: 2/2
  1186 | D:2      | Noticed Terence
  1192 | D:2      | Killed Terence
  1193 | D:2      | Reached skill level 3 in Long Blades
  1193 | D:2      | Reached XP level 4. HP: 35/41 MP: 3/3
  1295 | D:2      | Reached skill level 1 in Dodging
  1789 | D:3      | Noticed Sigmund
  2030 | D:3      | Killed Sigmund
  2031 | D:3      | Reached skill level 4 in Long Blades
  2031 | D:3      | Reached skill level 5 in Armour
  2031 | D:3      | Reached XP level 5. HP: 34/47 MP: 4/4
  2031 | D:3      | Reached XP level 6. HP: 40/55 MP: 5/5
  3090 | D:4      | Noticed a sky beast
  3105 | D:4      | Killed a sky beast
  3106 | D:4      | Reached skill level 5 in Fighting
  3106 | D:4      | Reached skill level 5 in Long Blades
  3106 | D:4      | Reached skill level 1 in Stealth
  3526 | D:4      | Noticed Menkaure
  3533 | D:4      | Killed Menkaure
  3534 | D:4      | Reached XP level 7. HP: 25/61 MP: 6/6
  4032 | D:5      | Entered Level 5 of the Dungeon
  4359 | D:5      | Reached skill level 6 in Long Blades
  4749 | D:5      | Reached skill level 5 in Shields
  4827 | D:5      | Reached skill level 7 in Long Blades
  5213 | D:5      | Reached XP level 8. HP: 12/69 MP: 1/7
  5678 | D:5      | Shot with an arrow by a centaur

Illustrated notes

Levels and vault maps discovered:
D:1:      lemuel_arrival_tunnels, layout_loops_ring,
          nicolae_ecumenical_snake_handling, st_stairs_9, minmay_box_of_dots
D:2:      layout_loops_cross, minivault_23, uniq_terence
D:3:      wander_river, layout_basic, serial_corexii_hall,
          chequers_hall_statues_corner_a, corexii_hall_statues_deadend,
          uniq_sigmund
D:4:      layout_rooms, serial_curves, eino_curves_02, eino_curves_01,
          uniq_menkaure
D:5:      layout_basic
D:6:      layout_layer_cave, temple_statues

Skill      XL: |  1  2  3  4  5  6  7 |
---------------+----------------------+-----
Shields        | 4 5 |  5.4
Fighting       | 4 5 |  5.5
Armour         | 4 5 6 |  6.8
Long Blades    | 3 4 5 7 |  7.2
Dodging        | 1 2 |  2.3
Stealth        | 1 |  1.1

Action                   |  1- 3 |  4- 6 |  7- 9 || total
-------------------------+-------+-------+-------++-------
Melee: Long sword        |    62 |    92 |   107 ||   261
       Headbutt          |     9 |    13 |    23 ||    45
Armor: Scale mail        |    28 |    28 |       ||    56
       Chain mail        |       |       |    66 ||    66
Dodge: Dodged            |    32 |    35 |    42 ||   109
Block: Buckler           |     9 |    23 |    28 ||    60

Table legend: (Time is in decaauts)
 A = Elapsed time spent in this place.
 B = Non-inter-level travel time spent in this place.
 C = Inter-level travel time spent in this place.
 D = Time resting spent in this place.
 E = Time spent auto-exploring this place.
 F = Levels seen in this place.
 G = Mean time per level.
                   A        B        C        D        E       F      G
               +--------+--------+--------+--------+--------+-----+--------+
         Total |   5732 |   5607 |    125 |   1203 |   3482 |   6 |  955.3 |
       Dungeon |   5732 |   5607 |    125 |   1203 |   3482 |   6 |  955.3 |
               +--------+--------+--------+--------+--------+-----+--------+

Top non-repeatable levels by time:
     D:5: 1634 daAuts
     D:3: 1280 daAuts
     D:2: 1063 daAuts
     D:1: 901 daAuts
     D:4: 830 daAuts
     D:6: 22 daAuts
